 Dungeon Crawl Stone Soup version 0.27.1 (webtiles) character file.

Game seed: 12842661485178911289

2656 sanka the Cleaver (level 9, -4/103 HPs)
             Began as a Palentonga Abyssal Knight on Aug 22, 2021.
             Was a Priest of Lugonu.
             Shot with an arrow by a centaur (6 damage)
             ... on level 7 of the Dungeon.
             The game lasted 00:13:18 (8939 turns).

sanka the Cleaver (Palentonga Abyssal Knight)       Turns: 8939, Time: 00:13:19

Health: -4/103     AC: 24    Str: 24    XL:     9   Next: 36%
Magic:  15/15      EV:  1    Int: 19    God:    Lugonu [***...]
Gold:   265        SH:  0    Dex: 10    Spells: 8/8 levels left

rFire    . . .     SeeInvis +   b - +2 war axe (freeze)
rCold    . . .     Faith    .   (no shield)
rNeg     + + +     Spirit   .   (armour currently unavailable)
rPois    +         Reflect  .   (helmet currently unavailable)
rElec    .         Harm     .   (cloak currently unavailable)
rCorr    .         Rampage  .   (gloves currently unavailable)
Will     .....     NoTele   +   (no barding)
Stlth    +.........             (no amulet)
HPRegen  0.27/turn              A - +6 ring of strength
MPRegen  0.14/turn              t - +6 ring of intelligence

@: tree-form
A: stationary, stasis, torment immunity, boosted hp, large, rugged brown scales
3, see invisible, (deformed body), (roll 1), (armoured tail), (reflexive curl)
a: Renounce Religion, Depart the Abyss, Bend Space, Banish


You were on level 7 of the Dungeon.
You worshipped Lugonu.
Lugonu was most pleased with you.
You were a tree.
You visited 1 branch of the dungeon, and saw 7 of its levels.
You visited the Abyss 1 time.

You collected 341 gold pieces.
You spent 76 gold pieces at shops.


Innate Abilities, Weirdness & Mutations

You are a tree.
Your roots penetrate the ground, keeping you stationary.
You cannot be teleported.
You are immune to unholy pain and torment.
Your maximum health is greatly increased.
Your equipment is partially melded.
(You are completely covered in rugged brown scales. (AC +3, +7% HP))
You have supernaturally acute eyesight. (SInv)
((Armour fits poorly on your strangely shaped body.))
((You can roll at nearby foes to attack.))
((You have a long armoured tail.))
((You curl defensively after being hit.))


   Skills:
 + Level 4.0 Fighting
 + Level 10.1 Axes
 + Level 2.7 Armour
 - Level 0.7 Dodging
 - Level 8.0 Invocations


You had 8 spell levels left.
You didn't know any spells.
Your spell library contained the following spells:

 Spells                   Type           Power      Damage    Failure   Level
 Sting                    Tmut/Pois      0%         1d3       21%         1
 Poisonous Vapours        Pois/Air       0%         N/A       30%         2
 Gell's Gravitas          Tloc           0%         N/A       52%         3
 Ozocubu's Armour         Ice            0%         N/A       52%         3
 Teleport Other           Tloc           0%         N/A       52%         3
 Olgreb's Toxic Radiance  Pois           0%         N/A       90%         4
 Summon Forest            Summ/Tloc      0%         N/A       99%         5
 Summon Mana Viper        Hex/Summ       0%         N/A       99%         5
 Dispersal                Tloc           0%         N/A       100%        6
 Shadow Creatures         Summ           N/A        N/A       100%        6
 Ozocubu's Refrigeration  Ice            0%         4d5       100%        7

Inventory:

Hand Weapons
 a - the +8 rapier of Integrity {drain, Int+4} A truly terrible weapon, it drains the life of any living foe it strikes. Int: It affects your intelligence (+4).
 b - a +2 war axe of freezing (weapon)
 v - the +4 dagger "Morg" {pain, Will+ Int+5} In the hands of one skilled in necromantic magic, it inflicts extra damage on living creatures. Int: It affects your intelligence (+5). Will: It increases your willpower.
Missiles
 f - 55 poisoned darts
 i - 2 throwing nets {=f}
Armour
 p - a +2 leather armour of poison resistance (melded)
 u - a +2 helmet (melded)
Jewellery
 d - an amulet of magic regeneration
 t - a +6 ring of intelligence (right branch)
 A - a +6 ring of strength (left branch)
Scrolls
 c - 6 scrolls of teleportation {@r4}
 e - 3 scrolls of enchant weapon
 h - a scroll of holy word {unknown}
 l - a scroll of summoning {unknown}
 n - 3 scrolls of amnesia
 o - 2 scrolls of enchant armour {unknown}
 r - 2 scrolls of immolation {!r}
 s - a scroll of vulnerability {unknown}
 x - a scroll of brand weapon {unknown}
 y - 3 scrolls of acquirement {unknown}
 z - a scroll of silence {unknown}
Potions
 g - 3 potions of curing {unknown}
 j - a potion of mutation {unknown}
 k - 2 potions of haste {@q3}
 m - 2 potions of magic {unknown}
 q - a potion of invisibility {unknown}

Dungeon Overview and Level Annotations

Branches:
Dungeon (7/15)             Temple (0/1) D:6

Altars:
Gozag

Shops:
D:2 :[[   D:5 [

Annotations:
D:4 2 transporters, Teazel's ghost, amateur MfVM
D:6 1 exclusion
Abyss:1 Dowan; Duvessa; Eustachio; Maggie; Sigmund

.......▒▒▒.. ▒....... ▒.▒
.▒▒....... ..▒ .........
..▒ ..c......
▒.▒▒▒........▒ ▒W<...▒
▒............▒ ▒c.(..▒
▒.▒▒.........▒ ▒....▒
▒▒♣▒▒......>..▒ ▒▒ ▒.▒▒)▒
▒..▒ ▒........▒ .( ▒..▒c▒
▒.▒▒ ▒........▒ ▒.▒▒▒.[.▒
▒.▒ ▒........▒
▒....▒..▒▒▒.▒ ▒........▒
▒▒▒▒.▒▒...cc▒▒▒▒........▒
▒.▒▒▒........▒▒▒▒▒▒▒▒▒
▒..▒▒▒...(.....<.▒
▒▒.▒▒..▒▒▒..>....▒


You could see 2 centaurs.


Message History

The arrow hits you.
* * * LOW HITPOINT WARNING * * *
The centaur shoots an arrow.
The arrow hits you.
* * * LOW HITPOINT WARNING * * *
The centaur shoots an arrow.
The arrow hits you but does no damage.
The centaur shoots an arrow.
The arrow closely misses you.
The centaur shoots an arrow.
The arrow hits you.
* * * LOW HITPOINT WARNING * * *
The centaur shoots an arrow.
The arrow hits you!
* * * LOW HITPOINT WARNING * * *
The centaur shoots an arrow.
The arrow hits you!
* * * LOW HITPOINT WARNING * * *
The centaur shoots an arrow.
The arrow completely misses you.
The centaur shoots an arrow.
The arrow hits you.
* * * LOW HITPOINT WARNING * * *
It was a potion of lignification.
You turn into a tree.
You no longer feel resistant to poison.
Your roots penetrate the ground.
The centaur shoots an arrow.
The arrow hits you.
You die...

Action                   |  1- 3 |  4- 6 |  7- 9 || total
-------------------------+-------+-------+-------++-------
Melee: Hand axe          |   136 |   201 |   106 ||   443
       Tailslap          |    19 |    22 |    19 ||    60
       War axe           |       |       |    17 ||    17
       Rapier            |       |       |    14 ||    14
Throw: Dart              |       |       |     4 ||     4
Invok: Banish            |       |     2 |     5 ||     7
 Abil: Rolling Charge    |     1 |     5 |     7 ||    13
  Use: Scroll            |       |     5 |       ||     5
       Potion            |       |       |     1 ||     1
Armor: Leather armour    |    50 |    94 |    63 ||   207
Dodge: Dodged            |    79 |   122 |    63 ||   264

Levels and vault maps discovered:
D:1:      lightli_arrival_maybe_door_vault, layout_basic
D:2:      wad_crossroads, layout_basic, basic_altar, serial_curves,
          eino_curves_02, eino_curves_03, serial_shops, shop,
          nicolae_shop_overgrown_old_shop, nicolae_shop_behind_doors,
          hellmonk_ecumenical_altar_slurped_away
D:3:      minmay_evil_eye, layout_basic, uniq_sigmund
D:4:      layout_rooms, gammafunk_ghost_arena, grunt_decor_clamped,
          minmay_between, uniq_duvessa, uniq_eustachio
D:5:      layout_gridville, serial_shops, kennysheep_mini,
          chequers_serial_rivers_small_3, minivault_19
D:6:      layout_basic, minmay_temple_entry_tees, kennysheep_cross_bottleneck,
          uniq_maggie
D:7:      layout_rooms, grunt_dithmenos_shadows, minmay_misc_feat_cross

Notes
Turn   | Place    | Note
-------+----------+-------------------------------------------
     0 | Abyss:1  | sanka the Palentonga Abyssal Knight began the quest for the
                  | Orb.
     0 | Abyss:1  | Reached XP level 1. HP: 19/19 MP: 2/2
    14 | D:1      | Escaped the Abyss
   128 | D:1      | Reached XP level 2. HP: 23/25 MP: 4/4
   129 | D:1      | Reached skill level 3 in Invocations
   773 | D:1      | Reached ** piety under Lugonu
   938 | D:1      | Reached XP level 3. HP: 31/31 MP: 5/5
  1150 | D:1      | Reached skill level 4 in Invocations
  1540 | D:2      | Found Melad's Antique Armour Emporium.
  1597 | D:2      | Found Xioxy's Armour Shop.
  1953 | D:2      | Found Tepuk's Book Emporium.
  1954 | D:2      | Found an opulent altar of Gozag.
  1981 | D:2      | Reached XP level 4. HP: 33/37 MP: 7/7
  2338 | D:2      | Found a faded altar of an unknown god.
  2533 | D:2      | Bought a helmet for 76 gold pieces
  2595 | D:3      | Reached skill level 5 in Invocations
  3210 | D:2      | Reached XP level 5. HP: 11/43 MP: 9/9
  3501 | D:3      | Reached *** piety under Lugonu
  3577 | D:3      | Reached skill level 6 in Invocations
  3720 | D:3      | Noticed Sigmund
  4278 | D:3      | Banished Sigmund
  4279 | D:3      | Reached skill level 7 in Invocations
  4279 | D:3      | Reached XP level 6. HP: 30/50 MP: 5/11
  4708 | D:4      | Found a transporter.
  4712 | D:4      | Found a transporter.
  4716 | D:4      | Noticed Teazel's ghost (amateur MfVM)
  4718 | D:4      | Noticed an orc warrior
  5131 | D:3      | Reached skill level 8 in Invocations
  5410 | D:4      | Noticed Eustachio
  5413 | D:4      | Noticed Dowan
  5913 | D:4      | Banished Eustachio
  5914 | D:4      | Reached skill level 4 in Axes
  5914 | D:4      | Gained mutation: You curl defensively after being hit.
                  | [Palentonga growth]
  5914 | D:4      | Reached XP level 7. HP: 53/55 MP: 8/13
  5975 | D:4      | Noticed Duvessa
  5978 | D:4      | Banished Duvessa
  6041 | D:4      | Banished Dowan
  6042 | D:4      | Reached skill level 5 in Axes
  6345 | D:4      | Reached skill level 6 in Axes
  6733 | D:5      | Entered Level 5 of the Dungeon
  6777 | D:5      | Noticed a wraith
  6785 | D:5      | Banished a wraith
  6786 | D:5      | Reached XP level 8. HP: 62/62 MP: 9/14
  6921 | D:5      | Reached skill level 7 in Axes
  7066 | D:5      | Reached skill level 8 in Axes
  7309 | D:5      | Found the +4 dagger "Morg" {pain, Will+ Int+5}
  7462 | D:5      | Found Madwix's Armour Shop.
  7735 | D:6      | Identified +0 steam dragon scales
  7735 | D:6      | Noticed Maggie
  7741 | D:6      | Banished Maggie
  7742 | D:6      | Reached skill level 9 in Axes
  7974 | D:6      | Reached XP level 9. HP: 67/67 MP: 15/15
  8167 | D:6      | Identified the +8 rapier of Integrity {drain, Int+4}
  8304 | D:6      | Found a staircase to the Ecumenical Temple.
  8316 | D:6      | Reached skill level 2 in Armour
  8787 | D:7      | Reached skill level 10 in Axes
  8929 | D:7      | Reached skill level 4 in Fighting
  8938 | D:7      | HP: 5/69 [centaur/arrow (7)]
  8938 | D:7      | HP: 1/69 [centaur/arrow (4)]
  8939 | D:7      | Shot with an arrow by a centaur

Vanquished Creatures
  A water moccasin (D:7)
  2 black bears (D:5)
  2 necrophages
  2 sky beasts
  3 ogres
  A centaur (D:7)
  2 water moccasin zombies (D:5)
  A water moccasin skeleton (D:6)
  A howler monkey (D:7)
  A hound (D:4)
  3 orc priests
  An iguana (D:6)
  An orc wizard (D:4)
  A hound skeleton (D:5)
  11 gnolls
  A howler monkey skeleton (D:4)
  A howler monkey zombie (D:5)
  5 adders
  A white imp (D:6)
  A worm (D:3)
  4 dart slugs
  15 orcs
  8 endoplasms
  8 giant cockroaches
  6 goblins
  7 hobgoblins
  16 jackals
  12 kobolds
  3 quokkas (D:1)
  6 ball pythons
  7 bats
  4 frilled lizards
  6 rats
144 creatures vanquished.
